SR
ELLESMERE ISLAND SNOWPEOPLE @ ATHLETIC CLUB KC U-21
06/05/2033
 
TOP OF THE 1ST
Ellesmere Island Snowpeople batting - Pitching for Athletic Club KC U-21 : RHP David Rowlingson
Pitching: RHP David Rowlingson
Batting: RHB Magtanggol Florencio 0-0: Ball
1-0: Foul Ball, location: 2F
1-1: Foul Ball, location: 2F
1-2: Strikes out swinging
Batting: RHB Ryung Jae-Wook 0-0: Ball
1-0: Called Strike
1-1: Ball
2-1: Foul Ball, location: 2F
2-2: Ball
3-2: Strikes out swinging
Batting: LHB Duncan Witteman 0-0: Ball
1-0: Fly out, F8 (Flyball, 8LD)
Top of the 1st over - 0 runs, 0 hits, 0 errors, 0 left on base; Ellesmere Island 0 - Athletic Club KC 0
BOTTOM OF THE 1ST
Athletic Club KC U-21 batting - Pitching for Ellesmere Island Snowpeople : LHP Jian-gun Lin
Pitching: LHP Jian-gun Lin
Batting: RHB Woody Thomas 0-0: Ball
1-0: DOUBLE (Line Drive, 8LXD)
Batting: RHB Andrés Hernández 0-0: Foul Ball, location: 2F
0-1: Ball
1-1: Ball
2-1: 2-RUN HOME RUN (Flyball, 78XD), Distance : 417 ft
Batting: RHB John Ricks 0-0: Ball
1-0: Foul Ball, location: 2F
1-1: Swinging Strike
1-2: Strikes out swinging
Batting: RHB Gabriel Camparán 0-0: Fly out, F9 (Flyball, 9LM)
Batting: RHB Rodrigo Sousa 0-0: Ball
1-0: Called Strike
1-1: Ground out 6-3 (Groundball, 6)
Bottom of the 1st over - 2 runs, 2 hits, 0 errors, 0 left on base; Ellesmere Island 0 - Athletic Club KC 2
TOP OF THE 2ND
Ellesmere Island Snowpeople batting - Pitching for Athletic Club KC U-21 : RHP David Rowlingson
Batting: LHB Basava Puri 0-0: Ball
1-0: Called Strike
1-1: Swinging Strike
1-2: Ball
2-2: Strikes out swinging
Batting: RHB Riemer Kila 0-0: Foul Ball, location: 2F
0-1: Ball
1-1: Foul Ball, location: 2F
1-2: Fly out, F9 (Flyball, 9S)
Batting: RHB Teok-kyu Pak 0-0: Ball
1-0: Foul Ball, location: 2F
1-1: Called Strike
1-2: Ball
2-2: Strikes out swinging
Top of the 2nd over - 0 runs, 0 hits, 0 errors, 0 left on base; Ellesmere Island 0 - Athletic Club KC 2
BOTTOM OF THE 2ND
Athletic Club KC U-21 batting - Pitching for Ellesmere Island Snowpeople : LHP Jian-gun Lin
Batting: LHB Armando Romero 0-0: Called Strike
0-1: Ball
1-1: Ball
2-1: Called Strike
2-2: Reached on error, E4 (Popup, 34)
Batting: RHB Domingo Zamora 0-0: Called Strike
0-1: SINGLE (Groundball, 4D)
Armando Romero to second
Throwing error, E9
Armando Romero scores
Domingo Zamora to second
Batting: RHB Elias Klomp 0-0: Fly out, F8 (Flyball, 78M)
Batting: RHB Rafael Cortéz 0-0: Foul Ball, location: 2F
0-1: Ball
1-1: Called Strike
1-2: Strikes out swinging
Batting: RHB Woody Thomas 0-0: Called Strike
0-1: Fly out, F9 (Flyball, 89S)
Bottom of the 2nd over - 1 run, 1 hit, 2 errors, 1 left on base; Ellesmere Island 0 - Athletic Club KC 3
TOP OF THE 3RD
Ellesmere Island Snowpeople batting - Pitching for Athletic Club KC U-21 : RHP David Rowlingson
Batting: SHB Danny Bird 0-0: Ball
1-0: Fly out, F4 (Line Drive, 4)
Batting: RHB Hjalmar Bisseling 0-0: Called Strike
0-1: Foul Ball, location: 2F
0-2: Ball
1-2: Strikes out swinging
Batting: RHB César Rivera 0-0: Ball
1-0: Ball
2-0: Swinging Strike
2-1: Fly out, F9 (Flyball, 9S)
Top of the 3rd over - 0 runs, 0 hits, 0 errors, 0 left on base; Ellesmere Island 0 - Athletic Club KC 3
BOTTOM OF THE 3RD
Athletic Club KC U-21 batting - Pitching for Ellesmere Island Snowpeople : LHP Jian-gun Lin
Batting: RHB Andrés Hernández 0-0: Ground out 6-3 (Groundball, 6)
Batting: RHB John Ricks 0-0: Called Strike
0-1: Ball
1-1: Called Strike
1-2: Ground out 6-3 (Groundball, 6)
Batting: RHB Gabriel Camparán 0-0: Fly out, F7 (Flyball, 7S)
Bottom of the 3rd over - 0 runs, 0 hits, 0 errors, 0 left on base; Ellesmere Island 0 - Athletic Club KC 3
TOP OF THE 4TH
Ellesmere Island Snowpeople batting - Pitching for Athletic Club KC U-21 : RHP David Rowlingson
Batting: RHB Magtanggol Florencio 0-0: Foul Ball, location: 2F
0-1: Ball
1-1: Swinging Strike
1-2: Foul Ball, location: 2F
1-2: Strikes out swinging
Batting: RHB Ryung Jae-Wook 0-0: Ground out 5-3 (Groundball, 5)
Batting: LHB Duncan Witteman 0-0: Called Strike
0-1: Fly out, F9 (Flyball, 9LSF)
Top of the 4th over - 0 runs, 0 hits, 0 errors, 0 left on base; Ellesmere Island 0 - Athletic Club KC 3
BOTTOM OF THE 4TH
Athletic Club KC U-21 batting - Pitching for Ellesmere Island Snowpeople : LHP Jian-gun Lin
Batting: RHB Rodrigo Sousa 0-0: Swinging Strike
0-1: Ball
1-1: Ball
2-1: Swinging Strike
2-2: Foul Ball, location: 2F
2-2: Strikes out swinging
Batting: LHB Armando Romero 0-0: Ball
1-0: Foul Ball, location: 2F
1-1: DOUBLE (Line Drive, 7D)
Pinch Runner at 2nd Todd Baker:
Batting: RHB Domingo Zamora 0-0: Swinging Strike
0-1: Ball
Wild Pitch!
Todd Baker to third
1-1: Foul Ball, location: 2F
1-2: SINGLE (Flyball, 9S)
Todd Baker scores
Batting: RHB Elias Klomp 0-0: SINGLE (Groundball, 6MD)
Domingo Zamora to second
Batting: RHB Rafael Cortéz 0-0: Ball
1-0: Foul Ball, location: 2F
1-1: Swinging Strike
1-2: Ball
2-2: Foul Ball, location: 2F
2-2: Ball
3-2: Fly out, F9 (Flyball, 9)
Batting: RHB Woody Thomas 0-0: 3-RUN HOME RUN (Flyball, 9LD), Distance : 358 ft
Batting: RHB Andrés Hernández 0-0: Called Strike
0-1: Ball
1-1: Ground out 6-3 (Groundball, 6S)
Bottom of the 4th over - 4 runs, 4 hits, 0 errors, 0 left on base; Ellesmere Island 0 - Athletic Club KC 7
TOP OF THE 5TH
Ellesmere Island Snowpeople batting - Pitching for Athletic Club KC U-21 : RHP David Rowlingson
Batting: LHB Basava Puri 0-0: Fly out, F7 (Flyball, 78M)
Batting: RHB Riemer Kila 0-0: Called Strike
0-1: Fly out, F8 (Flyball, 89D)
Batting: RHB Teok-kyu Pak 0-0: Ball
1-0: Foul Ball, location: 2F
1-1: Foul Ball, location: 2F
1-2: Ball
2-2: Ball
3-2: Strikes out swinging
Top of the 5th over - 0 runs, 0 hits, 0 errors, 0 left on base; Ellesmere Island 0 - Athletic Club KC 7
BOTTOM OF THE 5TH
Athletic Club KC U-21 batting - Pitching for Ellesmere Island Snowpeople : LHP Jian-gun Lin
Batting: RHB John Ricks 0-0: Ball
1-0: Ball
2-0: SINGLE (Line Drive, 89S)
Batting: RHB Gabriel Camparán 0-0: Called Strike
0-1: Ball
1-1: Ball
2-1: Ball
3-1: Base on Balls
John Ricks to second
Batting: RHB Rodrigo Sousa 0-0: Ball
1-0: Grounds into double play, 5-4-3 (Groundball, 56)
John Ricks to third
Batting: LHB Todd Baker 0-0: Ball
1-0: Called Strike
1-1: Ball
2-1: Foul Ball, location: 2F
2-2: Strikes out swinging
Bottom of the 5th over - 0 runs, 1 hit, 0 errors, 1 left on base; Ellesmere Island 0 - Athletic Club KC 7
TOP OF THE 6TH
Ellesmere Island Snowpeople batting - Pitching for Athletic Club KC U-21 : RHP David Rowlingson
Batting: SHB Danny Bird 0-0: Ball
1-0: Foul Ball, location: 2F
1-1: Ground out U3 (Groundball, 3)
Batting: RHB Hjalmar Bisseling 0-0: Foul Ball, location: 2F
0-1: Ball
1-1: Called Strike
1-2: Strikes out looking
Batting: RHB César Rivera 0-0: Called Strike
0-1: Fly out, F2 (Popup, 2R)
Top of the 6th over - 0 runs, 0 hits, 0 errors, 0 left on base; Ellesmere Island 0 - Athletic Club KC 7
BOTTOM OF THE 6TH
Athletic Club KC U-21 batting - Pitching for Ellesmere Island Snowpeople : LHP Jian-gun Lin
Batting: RHB Domingo Zamora 0-0: Fly out, F4 (Popup, 4S)
Batting: RHB Elias Klomp 0-0: Called Strike
0-1: Fly out, F7 (Flyball, 7D)
Batting: RHB Rafael Cortéz 0-0: Ball
1-0: Ball
2-0: Foul Ball, location: 2F
2-1: Ball
3-1: Foul Ball, location: 2F
3-2: Foul Ball, location: 2F
3-2: Foul Ball, location: 2F
3-2: Foul Ball, location: 2F
3-2: Foul Ball, location: 2F
3-2: Base on Balls
Pitching: RHP Yong-oon Cho
Batting: RHB Woody Thomas 0-0: Called Strike
0-1: Ground out 6-3 (Groundball, 6MD)
Bottom of the 6th over - 0 runs, 0 hits, 0 errors, 1 left on base; Ellesmere Island 0 - Athletic Club KC 7
TOP OF THE 7TH
Ellesmere Island Snowpeople batting - Pitching for Athletic Club KC U-21 : RHP David Rowlingson
Batting: RHB Magtanggol Florencio 0-0: Foul Ball, location: 2F
0-1: Foul Ball, location: 2F
0-2: Ball
1-2: SINGLE (Groundball, 6MD)
Batting: RHB Ryung Jae-Wook 0-0: Called Strike
0-1: Called Strike
Magtanggol Florencio steals 2nd base
0-2: Ball
1-2: Ball
2-2: Ground out 6-3 (Groundball, 6)
Magtanggol Florencio to third
Batting: LHB Duncan Witteman 0-0: SINGLE (Groundball, 6MD)
Magtanggol Florencio scores
Batting: LHB Basava Puri 0-0: Foul Ball, location: 2F
0-1: Foul Ball, location: 2F
0-2: Strikes out swinging
Batting: RHB Riemer Kila 0-0: Called Strike
0-1: Foul Ball, location: 2F
0-2: Strikes out looking
Top of the 7th over - 1 run, 2 hits, 0 errors, 1 left on base; Ellesmere Island 1 - Athletic Club KC 7
BOTTOM OF THE 7TH
Athletic Club KC U-21 batting - Pitching for Ellesmere Island Snowpeople : RHP Yong-oon Cho
Batting: RHB Andrés Hernández 0-0: Ball
1-0: Ball
2-0: Ball
3-0: Base on Balls
Batting: RHB John Ricks 0-0: Foul Ball, location: 2F
0-1: Ball
1-1: Foul Ball, location: 2F
1-2: Fly out, F8 (Flyball, 8RS)
Batting: RHB Gabriel Camparán 0-0: Foul Ball, location: 2F
0-1: Swinging Strike
0-2: Fly out, F8 (Flyball, 8RM)
Batting: RHB Rodrigo Sousa 0-0: Foul Ball, location: 2F
0-1: SINGLE (Flyball, 7S)
Andrés Hernández to second
Batting: LHB Todd Baker 0-0: Ball
1-0: Called Strike
1-1: Ball
2-1: Swinging Strike
2-2: Strikes out swinging
Bottom of the 7th over - 0 runs, 1 hit, 0 errors, 2 left on base; Ellesmere Island 1 - Athletic Club KC 7
TOP OF THE 8TH
Ellesmere Island Snowpeople batting - Pitching for Athletic Club KC U-21 : RHP David Rowlingson
Batting: RHB Teok-kyu Pak 0-0: Called Strike
0-1: Ball
1-1: Ball
2-1: Swinging Strike
2-2: Strikes out swinging
Batting: SHB Danny Bird 0-0: Ball
1-0: Foul Ball, location: 2F
1-1: Foul Ball, location: 2F
1-2: Ball
2-2: Strikes out swinging
Batting: RHB Hjalmar Bisseling 0-0: Ball
1-0: Foul Ball, location: 2F
1-1: Ground out 6-3 (Groundball, 6)
Top of the 8th over - 0 runs, 0 hits, 0 errors, 0 left on base; Ellesmere Island 1 - Athletic Club KC 7
BOTTOM OF THE 8TH
Athletic Club KC U-21 batting - Pitching for Ellesmere Island Snowpeople : RHP Yong-oon Cho
Batting: RHB Domingo Zamora 0-0: Foul Ball, location: 2F
0-1: Foul Ball, location: 2F
0-2: Ball
1-2: Foul Ball, location: 2F
1-2: Strikes out swinging
Batting: RHB Elias Klomp 0-0: Ball
1-0: Ground out 6-3 (Groundball, 6)
Batting: RHB Rafael Cortéz 0-0: Ball
1-0: Foul Ball, location: 2F
1-1: Ball
2-1: SINGLE (Groundball, 3S) (infield hit)
Batting: RHB Woody Thomas 0-0: Fly out, F7 (Flyball, 78S)
Bottom of the 8th over - 0 runs, 1 hit, 0 errors, 1 left on base; Ellesmere Island 1 - Athletic Club KC 7
TOP OF THE 9TH
Ellesmere Island Snowpeople batting - Pitching for Athletic Club KC U-21 : RHP David Rowlingson
Pitching: RHP José García
Now at 1B: Miguel Gómez
Now in CF: Josh Moxon
Batting: RHB César Rivera 0-0: Ball
1-0: Ball
2-0: Ground out 4-3 (Groundball, 4)
Batting: RHB Magtanggol Florencio 0-0: Ball
1-0: Ball
2-0: Ball
3-0: Called Strike
3-1: Called Strike
3-2: Foul Ball, location: 2F
3-2: Ground out 4-3 (Groundball, 4)
Batting: RHB Ryung Jae-Wook 0-0: Called Strike
0-1: Foul Ball, location: 2F
0-2: Strikes out swinging
Top of the 9th over - 0 runs, 0 hits, 0 errors, 0 left on base; Ellesmere Island 1 - Athletic Club KC 7
Saturday, December 22nd, 2018 - OOTP Baseball 18.8 Build 76